Connexion

Reign vs Barracuda

Created - 21 février 2024 at 05:51

Goals
1 2 3 T
Reign 0 2 2 4
Barracuda 2 1 2 5
Shots
1 2 3 T
Reign 6 15 12 33
Barracuda 11 9 14 34

GoalsPenalties
1st period
1. Barracuda , Alex Dostie 17 (Andy Welinski 46) at 8:20
2. Barracuda , Brendan Warren 26 (Robert Bortuzzo 26, Adam Cracknell 32) at 14:24
Nicolas Deslauriers (ONT) for Hooking (Minor) at 2:46
Jordy Bellerive (SAN) for Delaying the game (Minor) at 4:58
Connor Mackey (ONT) for High sticking (Minor) at 10:36
Adam Cracknell (SAN) for Roughing (Minor) at 18:11
2nd period
3. Reign , Zachary Aston-Reese 33 (Joël Teasdale 27, Jesse Ylonen 2) at 0:40
4. Reign , Zachary Aston-Reese 34 (Connor Mackey 34, Jesse Ylonen 3) at 11:38 (PP)
5. Barracuda , Scott Harrington 5 (Andy Welinski 47) at 13:41 (PP)
Andrei Altybarmakyan (SAN) for Holding (Minor) at 9:49
Connor Mackey (ONT) for High sticking (Minor) at 12:54
Brendan Warren (SAN) for Interference (Minor) at 13:50
3rd period
6. Barracuda , Brendan Warren 27 (Robert Bortuzzo 27, Matthew Phillips 45) at 9:37
7. Reign , Jeff Carter 22 (Connor Mackey 35, Zack Macewen 36) at 13:47 (PP)
8. Barracuda , Graham Knott 11 (Andy Welinski 48, Alexis D'Aoust 25) at 14:44
9. Reign , John Leonard 32 (Mason Appleton 23, Patrick Khodorenko 23) at 19:25
Zachary Aston-Reese (ONT) for Tripping (Minor) at 0:25
Robert Bortuzzo (SAN) for High sticking (Minor) at 12:43
Patrik Nemeth (ONT) for Slashing (Minor) at 15:29
Goalie Stats
Pheonix Copley (ONT), 29 saves from 34 shots - (0,853), L, 27-21-2, 59:35 minutes
Ken Appleby (SAN), 29 saves from 33 shots - (0,879), W, 39-23-6, 60:00 minutes
3 StarsOfficial
1 - Andy Welinski (SAN)
2 - Graham Knott (SAN)
3 - Brendan Warren (SAN)
Referees : Paul Devorski and Mike Hasenfratz
Linesman : Scott Driscoll and Mike Cvik
Game Note
No Game Note
Finance
Level 1 -- Attendance: 1919 (95,95%) -- Ticket Income $67,165
Level 2 -- Attendance: 941 (94,10%) -- Ticket Income $14,115
Total Attendance: 2860 (95,33%)
Total Ticket Income: $81,280
Other Income: $16,256
Total Income: $97,536



Team Name Goals Shots Shots Attemp Shots Blocked PIM HIT PP PK FO%
Reign 433731310192 / 5 (40%)142%
Barracuda 53474910301 / 5 (20%)258%

Reign
Player Name POS G A P +/- PIM HIT SHT SB MP PP MP PP SHT PK MP PK SHT FO% FOT
Andrew LaddLW/RW000-103107:060:0001:4200% 0
Chase PriskieD000-3000012:360:0002:0400% 0
Connor MackeyD0220412320:564:1212:5500% 0
Danny DekeyserD0001001027:104:3804:2800% 0
Dominic ToninatoC000-100005:240:0000:00033% 6
Jeff CarterC/RW1010008017:454:2840:1400% 2
Jesse YlonenRW0220004124:054:2215:17050% 12
Joël TeasdaleLW0110013020:444:2221:5600% 0
John LeonardLW101-100109:340:0000:0000% 1
Lawrence PilutD000-3000210:320:0000:0000% 0
Mason AppletonC/RW011-1010111:360:0002:0200% 3
Matt Irwin D0001021127:104:3814:2800% 0
Nicolas DeslauriersLW/RW000-120005:230:0000:000100% 1
Patrick KhodorenkoC011-101209:340:0000:00040% 10
Patrik NemethD0000211421:334:1213:3100% 0
Ryan ReavesLW/RW0000021117:494:2800:1800% 0
Zachary Aston-ReeseC/LW/RW2020224022:484:2214:01252% 31
Zack MacewenC/RW0110054019:274:2811:56038% 24
Barracuda
Player Name POS G A P +/- PIM HIT SHT SB MP PP MP PP SHT PK MP PK SHT FO% FOT
Adam Cracknell C/LW/RW0110234123:314:2625:06054% 39
Albin GreweLW000000000:000:0000:0000% 0
Alex DostieC/LW1012004021:504:1712:47074% 23
Alexis D'AoustC/RW0112022019:034:1700:0000% 1
Anatoly GolyshevLW/RW000000000:210:0000:0000% 0
Andrei AltybarmakyanRW0000241013:400:0000:0000% 0
Andy WelinskiD0330032420:514:2314:0900% 0
Brendan WarrenC/LW2020226023:174:2614:5200% 3
Dmitry ZavgorodniyLW000000000:000:0000:0000% 0
Fredrik OlofssonC/LW0000002013:530:0000:1200% 1
Graham KnottC/LW1012041019:274:1700:24050% 2
Jordy BelleriveC0000222016:080:0002:28069% 16
Julius BergmanD0000040012:540:0000:0000% 0
Matthew PhillipsC/RW0110022019:564:2601:51040% 5
Nicolas MelocheD0002012126:154:2014:4100% 0
Robert BortuzzoD0222232225:264:2003:5300% 0
Scott HarringtonD1010004121:084:2334:2600% 0
Stepan FalkovskyD0000000013:250:0000:3100% 0



Play-by-Play

1st period


0:01 of 1st period - Zachary Aston-Reese wins face-off versus Adam Cracknell in neutral zone.
0:06 of 1st period - Shot by Danny Dekeyser.
0:06 of 1st period - Shot Blocked by Adam Cracknell .
0:19 of 1st period - Shot by Joël Teasdale.
0:19 of 1st period - Shot Misses the Net.
0:21 of 1st period - Shot by Zachary Aston-Reese.
0:21 of 1st period - Shot Misses the Net.
0:50 of 1st period - Icing by Adam Cracknell .
0:51 of 1st period - Adam Cracknell wins face-off versus Zack Macewen in Barracuda zone.
1:20 of 1st period - Shot by Zack Macewen.
1:20 of 1st period - Stopped by Ken Appleby with a rebound.
1:22 of 1st period - Shot by Connor Mackey.
1:22 of 1st period - Shot Blocked by Andy Welinski.
1:24 of 1st period - Shot by Zack Macewen.
1:24 of 1st period - Deflect By Jeff Carter.
1:24 of 1st period - Stopped by Ken Appleby without a rebound.
1:25 of 1st period - Patrick Khodorenko wins face-off versus Fredrik Olofsson in Barracuda zone.
1:58 of 1st period - Shot by Andrei Altybarmakyan.
1:58 of 1st period - Deflect By Jordy Bellerive.
1:58 of 1st period - Shot Misses the Net.
2:15 of 1st period - Icing by Stepan Falkovsky.
2:16 of 1st period - Jordy Bellerive wins face-off versus Dominic Toninato in Barracuda zone.
2:16 of 1st period - Andrei Altybarmakyan is hit by Andrew Ladd and loses puck.
2:46 of 1st period - Minor Penalty to Nicolas Deslauriers for Hooking.
2:47 of 1st period - Jesse Ylonen wins face-off versus Adam Cracknell in Reign zone.
3:28 of 1st period - Shot by Nicolas Meloche.
3:28 of 1st period - Shot Blocked by Matt Irwin .
3:34 of 1st period - Matthew Phillips is hit by Zack Macewen and loses puck.
4:08 of 1st period - Alexis D'Aoust is hit by Zack Macewen and loses puck.
4:19 of 1st period - Shot by Scott Harrington.
4:19 of 1st period - Stopped by Pheonix Copley with a rebound.
4:36 of 1st period - Icing by Scott Harrington.
4:37 of 1st period - Alex Dostie wins face-off versus Jesse Ylonen in Barracuda zone.
4:42 of 1st period - Shot by Scott Harrington.
4:42 of 1st period - Stopped by Pheonix Copley with a rebound.
4:52 of 1st period - Patrick Khodorenko is hit by Andrei Altybarmakyan and loses puck.
4:58 of 1st period - Minor Penalty to Jordy Bellerive for Delaying the game.
4:59 of 1st period - Adam Cracknell wins face-off versus Zack Macewen in Barracuda zone.
4:59 of 1st period - Adam Cracknell is hit by Ryan Reaves.
5:11 of 1st period - Shot by Jeff Carter.
5:11 of 1st period - Shot Misses the Net.
5:13 of 1st period - Shot by Zack Macewen.
5:13 of 1st period - Stopped by Ken Appleby without a rebound.
5:14 of 1st period - Zachary Aston-Reese wins face-off versus Adam Cracknell in Barracuda zone.
6:10 of 1st period - Off-side.
6:11 of 1st period - Zack Macewen wins face-off versus Adam Cracknell in neutral zone.
6:21 of 1st period - Shot by Zack Macewen.
6:21 of 1st period - Shot Misses the Net.
6:23 of 1st period - Shot by Zack Macewen.
6:23 of 1st period - Shot Misses the Net.
6:25 of 1st period - Shot by Patrik Nemeth.
6:25 of 1st period - Shot Blocked by Scott Harrington.
6:27 of 1st period - Shot by Jeff Carter.
6:27 of 1st period - Shot Misses the Net.
6:29 of 1st period - Shot by Jeff Carter.
6:29 of 1st period - Shot Misses the Net.
6:31 of 1st period - Shot by Patrik Nemeth.
6:31 of 1st period - Shot Misses the Net.
6:33 of 1st period - Shot by Ryan Reaves.
6:33 of 1st period - Shot Misses the Net.
6:35 of 1st period - Shot by Jeff Carter.
6:35 of 1st period - Shot Misses the Net.
6:48 of 1st period - Icing by Zack Macewen.
6:49 of 1st period - Zack Macewen wins face-off versus Matthew Phillips in Reign zone.
6:53 of 1st period - Off-side.
6:54 of 1st period - Matthew Phillips wins face-off versus Jesse Ylonen in neutral zone.
7:01 of 1st period - Shot by Fredrik Olofsson.
7:01 of 1st period - Deflect By Jordy Bellerive.
7:01 of 1st period - Stopped by Pheonix Copley without a rebound.
7:02 of 1st period - Alex Dostie wins face-off versus Zachary Aston-Reese in Reign zone.
7:03 of 1st period - Shot by Alexis D'Aoust.
7:03 of 1st period - Shot Misses the Net.
7:22 of 1st period - Shot by Joël Teasdale.
7:22 of 1st period - Stopped by Ken Appleby without a rebound.
7:23 of 1st period - Zack Macewen wins face-off versus Jordy Bellerive in Barracuda zone.
7:29 of 1st period - Ryan Reaves is hit by Andy Welinski and loses puck.
7:36 of 1st period - Shot by Jeff Carter.
7:36 of 1st period - Stopped by Ken Appleby without a rebound.
7:37 of 1st period - Zachary Aston-Reese wins face-off versus Brendan Warren in Barracuda zone.
7:55 of 1st period - Icing by Robert Bortuzzo.
7:56 of 1st period - Adam Cracknell wins face-off versus Zack Macewen in Barracuda zone.
8:01 of 1st period - Nicolas Meloche is hit by Ryan Reaves and loses puck.
8:10 of 1st period - Shot by Jeff Carter.
8:10 of 1st period - Stopped by Ken Appleby without a rebound.
8:11 of 1st period - Alex Dostie wins face-off versus Zachary Aston-Reese in Barracuda zone.
8:20 of 1st period - Shot by Alex Dostie.
8:20 of 1st period - Goal by Alex Dostie - Reign : 0 - Barracuda : 1.
8:21 of 1st period - Jordy Bellerive wins face-off versus Zack Macewen in neutral zone.
9:05 of 1st period - Jeff Carter is hit by Andrei Altybarmakyan and loses puck.
9:34 of 1st period - Off-side.
9:35 of 1st period - Alex Dostie wins face-off versus Mason Appleton in neutral zone.
9:40 of 1st period - Shot by Alex Dostie.
9:40 of 1st period - Stopped by Pheonix Copley without a rebound.
9:41 of 1st period - Zachary Aston-Reese wins face-off versus Graham Knott in Reign zone.
10:16 of 1st period - Shot by Alexis D'Aoust.
10:16 of 1st period - Stopped by Pheonix Copley with a rebound.
10:34 of 1st period - Zachary Aston-Reese is hit by Adam Cracknell and loses puck.
10:36 of 1st period - Minor Penalty to Connor Mackey for High sticking.
10:37 of 1st period - Adam Cracknell wins face-off versus Mason Appleton in Reign zone.
10:40 of 1st period - Shot by Brendan Warren.
10:40 of 1st period - Shot Misses the Net.
10:42 of 1st period - Shot by Brendan Warren.
10:42 of 1st period - Stopped by Pheonix Copley without a rebound.
10:43 of 1st period - Adam Cracknell wins face-off versus Jesse Ylonen in Reign zone.
11:11 of 1st period - Shot by Matthew Phillips.
11:11 of 1st period - Shot Misses the Net.
11:13 of 1st period - Shot by Adam Cracknell .
11:13 of 1st period - Stopped by Pheonix Copley without a rebound.
11:14 of 1st period - Alex Dostie wins face-off versus Zachary Aston-Reese in Reign zone.
14:02 of 1st period - Icing by Mason Appleton.
14:03 of 1st period - Adam Cracknell wins face-off versus Patrick Khodorenko in Reign zone.
14:14 of 1st period - Shot by Matthew Phillips.
14:14 of 1st period - Shot Misses the Net.
14:16 of 1st period - Shot by Adam Cracknell .
14:16 of 1st period - Shot Misses the Net.
14:18 of 1st period - Shot by Adam Cracknell .
14:18 of 1st period - Shot Misses the Net.
14:20 of 1st period - Shot by Adam Cracknell .
14:20 of 1st period - Shot Blocked by Lawrence Pilut.
14:24 of 1st period - Shot by Brendan Warren.
14:24 of 1st period - Goal by Brendan Warren - Reign : 0 - Barracuda : 2.
14:25 of 1st period - Zachary Aston-Reese wins face-off versus Jordy Bellerive in neutral zone.
14:25 of 1st period - Zachary Aston-Reese is hit by Jordy Bellerive.
14:44 of 1st period - Shot by Fredrik Olofsson.
14:44 of 1st period - Deflect By Jordy Bellerive.
14:44 of 1st period - Shot Blocked by Connor Mackey.
14:56 of 1st period - Shot by Fredrik Olofsson.
14:56 of 1st period - Stopped by Pheonix Copley without a rebound.
14:57 of 1st period - Nicolas Deslauriers wins face-off versus Alex Dostie in Reign zone.
14:57 of 1st period - Nicolas Deslauriers is hit by Alexis D'Aoust.
15:05 of 1st period - Shot by Andrew Ladd.
15:05 of 1st period - Shot Misses the Net.
15:17 of 1st period - Shot by Dominic Toninato.
15:17 of 1st period - Deflect By Nicolas Deslauriers.
15:17 of 1st period - Shot Blocked by Robert Bortuzzo.
15:25 of 1st period - Shot by Graham Knott.
15:25 of 1st period - Shot Misses the Net.
15:59 of 1st period - Shot by Matthew Phillips.
15:59 of 1st period - Deflect By Brendan Warren.
15:59 of 1st period - Stopped by Pheonix Copley without a rebound.
16:00 of 1st period - Zachary Aston-Reese wins face-off versus Adam Cracknell in Reign zone.
16:00 of 1st period - Zachary Aston-Reese is hit by Matthew Phillips.
16:30 of 1st period - Scott Harrington is hit by Zachary Aston-Reese and loses puck.
16:40 of 1st period - Icing by Connor Mackey.
16:41 of 1st period - Jordy Bellerive wins face-off versus Zachary Aston-Reese in Reign zone.
16:42 of 1st period - Shot by Andrei Altybarmakyan.
16:42 of 1st period - Shot Misses the Net.
17:03 of 1st period - Patrik Nemeth is hit by Julius Bergman and loses puck.
17:48 of 1st period - Shot by Nicolas Meloche.
17:48 of 1st period - Shot Blocked by Lawrence Pilut.
17:53 of 1st period - Ryan Reaves is hit by Robert Bortuzzo and loses puck.
18:11 of 1st period - Minor Penalty to Adam Cracknell for Roughing.
18:12 of 1st period - Zachary Aston-Reese wins face-off versus Jordy Bellerive in Barracuda zone.
19:10 of 1st period - Icing by Zack Macewen.
19:11 of 1st period - Jordy Bellerive wins face-off versus Zack Macewen in Reign zone.
Goals for this period are 0 for Reign vs 2 for Barracuda.
Shots for this period are 6 for Reign vs 11 for Barracuda.

2nd period


0:01 of 2nd period - Jordy Bellerive wins face-off versus Zachary Aston-Reese in neutral zone.
0:16 of 2nd period - Robert Bortuzzo is hit by Patrik Nemeth and loses puck.
0:19 of 2nd period - Shot by Nicolas Meloche.
0:19 of 2nd period - Stopped by Pheonix Copley without a rebound.
0:20 of 2nd period - Adam Cracknell wins face-off versus Zachary Aston-Reese in Reign zone.
0:20 of 2nd period - Scott Harrington is hit by Matt Irwin and loses puck.
0:40 of 2nd period - Shot by Zachary Aston-Reese.
0:40 of 2nd period - Goal by Zachary Aston-Reese - Reign : 1 - Barracuda : 2.
0:41 of 2nd period - Zack Macewen wins face-off versus Alex Dostie in neutral zone.
1:00 of 2nd period - Patrik Nemeth is hit by Graham Knott and loses puck.
1:17 of 2nd period - Connor Mackey is hit by Graham Knott and loses puck.
1:47 of 2nd period - Icing by Zack Macewen.
1:48 of 2nd period - Zack Macewen wins face-off versus Jordy Bellerive in Reign zone.
1:48 of 2nd period - Zack Macewen is hit by Andrei Altybarmakyan.
2:18 of 2nd period - Icing by Stepan Falkovsky.
2:19 of 2nd period - Zachary Aston-Reese wins face-off versus Jordy Bellerive in Barracuda zone.
2:25 of 2nd period - Shot by Zachary Aston-Reese.
2:25 of 2nd period - Shot Misses the Net.
2:44 of 2nd period - Joël Teasdale is hit by Julius Bergman and loses puck.
3:14 of 2nd period - Off-side.
3:15 of 2nd period - Alex Dostie wins face-off versus Patrick Khodorenko in neutral zone.
3:35 of 2nd period - Icing by Chase Priskie.
3:36 of 2nd period - Patrick Khodorenko wins face-off versus Adam Cracknell in Reign zone.
3:56 of 2nd period - Shot by Brendan Warren.
3:56 of 2nd period - Stopped by Pheonix Copley without a rebound.
3:57 of 2nd period - Dominic Toninato wins face-off versus Alex Dostie in Reign zone.
4:29 of 2nd period - Graham Knott is hit by Andrew Ladd and loses puck.
5:37 of 2nd period - Joël Teasdale is hit by Robert Bortuzzo and loses puck.
5:55 of 2nd period - Icing by Nicolas Meloche.
5:56 of 2nd period - Patrick Khodorenko wins face-off versus Brendan Warren in Barracuda zone.
6:25 of 2nd period - Shot by Mason Appleton.
6:25 of 2nd period - Shot Misses the Net.
6:33 of 2nd period - Shot by Patrick Khodorenko.
6:33 of 2nd period - Shot Misses the Net.
8:11 of 2nd period - Icing by Zachary Aston-Reese.
8:12 of 2nd period - Adam Cracknell wins face-off versus Jesse Ylonen in Reign zone.
8:15 of 2nd period - Shot by Brendan Warren.
8:15 of 2nd period - Deflect By Adam Cracknell .
8:15 of 2nd period - Shot Misses the Net.
8:17 of 2nd period - Shot by Nicolas Meloche.
8:17 of 2nd period - Shot Misses the Net.
8:19 of 2nd period - Shot by Matthew Phillips.
8:19 of 2nd period - Shot Blocked by Patrik Nemeth.
8:21 of 2nd period - Shot by Matthew Phillips.
8:21 of 2nd period - Stopped by Pheonix Copley without a rebound.
8:22 of 2nd period - Dominic Toninato wins face-off versus Adam Cracknell in Reign zone.
8:22 of 2nd period - Dominic Toninato is hit by Adam Cracknell .
8:51 of 2nd period - Icing by Chase Priskie.
8:52 of 2nd period - Alex Dostie wins face-off versus Dominic Toninato in Reign zone.
8:55 of 2nd period - Shot by Alex Dostie.
8:55 of 2nd period - Stopped by Pheonix Copley without a rebound.
8:56 of 2nd period - Alex Dostie wins face-off versus Zachary Aston-Reese in Reign zone.
8:59 of 2nd period - Shot by Alexis D'Aoust.
8:59 of 2nd period - Stopped by Pheonix Copley without a rebound.
9:00 of 2nd period - Alex Dostie wins face-off versus Zachary Aston-Reese in Reign zone.
9:12 of 2nd period - Alex Dostie is hit by Matt Irwin and loses puck.
9:49 of 2nd period - Minor Penalty to Andrei Altybarmakyan for Holding.
9:50 of 2nd period - Adam Cracknell wins face-off versus Jeff Carter in Barracuda zone.
9:50 of 2nd period - Adam Cracknell is hit by Zack Macewen.
10:05 of 2nd period - Shot by Patrik Nemeth.
10:05 of 2nd period - Stopped by Ken Appleby without a rebound.
10:06 of 2nd period - Zack Macewen wins face-off versus Adam Cracknell in Barracuda zone.
10:13 of 2nd period - Shot by Connor Mackey.
10:13 of 2nd period - Shot Blocked by Andy Welinski.
10:15 of 2nd period - Shot by Jeff Carter.
10:15 of 2nd period - Stopped by Ken Appleby without a rebound.
10:16 of 2nd period - Adam Cracknell wins face-off versus Zack Macewen in Barracuda zone.
10:22 of 2nd period - Icing by Zack Macewen.
10:23 of 2nd period - Zack Macewen wins face-off versus Adam Cracknell in Reign zone.
10:54 of 2nd period - Shot by Danny Dekeyser.
10:54 of 2nd period - Shot Blocked by Andy Welinski.
10:56 of 2nd period - Shot by Jeff Carter.
10:56 of 2nd period - Stopped by Ken Appleby without a rebound.
10:57 of 2nd period - Zachary Aston-Reese wins face-off versus Brendan Warren in Barracuda zone.
11:30 of 2nd period - Shot by Jesse Ylonen.
11:30 of 2nd period - Shot Blocked by Robert Bortuzzo.
11:32 of 2nd period - Shot by Connor Mackey.
11:32 of 2nd period - Shot Misses the Net.
11:36 of 2nd period - Shot by Connor Mackey.
11:36 of 2nd period - Stopped by Ken Appleby with a rebound.
11:38 of 2nd period - Shot by Zachary Aston-Reese.
11:38 of 2nd period - Goal by Zachary Aston-Reese - Reign : 2 - Barracuda : 2.
11:39 of 2nd period - Patrick Khodorenko wins face-off versus Alex Dostie in neutral zone.
11:44 of 2nd period - Alexis D'Aoust is hit by Mason Appleton and loses puck.
11:51 of 2nd period - Shot by Patrick Khodorenko.
11:51 of 2nd period - Stopped by Ken Appleby without a rebound.
11:52 of 2nd period - Jordy Bellerive wins face-off versus Zack Macewen in Barracuda zone.
12:03 of 2nd period - Off-side.
12:04 of 2nd period - Alex Dostie wins face-off versus Patrick Khodorenko in neutral zone.
12:14 of 2nd period - Off-side.
12:15 of 2nd period - Adam Cracknell wins face-off versus Zachary Aston-Reese in neutral zone.
12:18 of 2nd period - Shot by Matthew Phillips.
12:18 of 2nd period - Shot Misses the Net.
12:20 of 2nd period - Shot by Robert Bortuzzo.
12:20 of 2nd period - Stopped by Pheonix Copley without a rebound.
12:21 of 2nd period - Zachary Aston-Reese wins face-off versus Adam Cracknell in Reign zone.
12:21 of 2nd period - Zachary Aston-Reese is hit by Brendan Warren.
12:46 of 2nd period - Icing by Brendan Warren.
12:47 of 2nd period - Adam Cracknell wins face-off versus Zack Macewen in Barracuda zone.
12:47 of 2nd period - Adam Cracknell is hit by Zack Macewen.
12:54 of 2nd period - Minor Penalty to Connor Mackey for High sticking.
12:55 of 2nd period - Jesse Ylonen wins face-off versus Alexis D'Aoust in Reign zone.
13:25 of 2nd period - Icing by Alex Dostie.
13:26 of 2nd period - Jesse Ylonen wins face-off versus Alex Dostie in Barracuda zone.
13:27 of 2nd period - Shot by Zachary Aston-Reese.
13:27 of 2nd period - Stopped by Ken Appleby with a rebound.
13:39 of 2nd period - Shot by Andy Welinski.
13:39 of 2nd period - Stopped by Pheonix Copley with a rebound.
13:41 of 2nd period - Shot by Scott Harrington.
13:41 of 2nd period - Goal by Scott Harrington - Reign : 2 - Barracuda : 3.
13:42 of 2nd period - Adam Cracknell wins face-off versus Zack Macewen in neutral zone.
13:50 of 2nd period - Minor Penalty to Brendan Warren for Interference.
13:51 of 2nd period - Adam Cracknell wins face-off versus Zack Macewen in Barracuda zone.
14:02 of 2nd period - Shot by Danny Dekeyser.
14:02 of 2nd period - Shot Misses the Net.
14:04 of 2nd period - Shot by Ryan Reaves.
14:04 of 2nd period - Shot Misses the Net.
14:06 of 2nd period - Shot by Matt Irwin .
14:06 of 2nd period - Shot Misses the Net.
14:14 of 2nd period - Shot by Jeff Carter.
14:14 of 2nd period - Stopped by Ken Appleby without a rebound.
14:15 of 2nd period - Zachary Aston-Reese wins face-off versus Adam Cracknell in Barracuda zone.
14:30 of 2nd period - Shot by Zachary Aston-Reese.
14:30 of 2nd period - Shot Misses the Net.
14:32 of 2nd period - Shot by Jesse Ylonen.
14:32 of 2nd period - Stopped by Ken Appleby without a rebound.
14:33 of 2nd period - Zack Macewen wins face-off versus Adam Cracknell in Barracuda zone.
14:36 of 2nd period - Shot by Danny Dekeyser.
14:36 of 2nd period - Shot Misses the Net.
15:16 of 2nd period - Shot by Matt Irwin .
15:16 of 2nd period - Stopped by Ken Appleby without a rebound.
15:17 of 2nd period - Zachary Aston-Reese wins face-off versus Matthew Phillips in Barracuda zone.
15:18 of 2nd period - Shot by Connor Mackey.
15:18 of 2nd period - Shot Hit the Post.
15:20 of 2nd period - Shot by Joël Teasdale.
15:20 of 2nd period - Stopped by Ken Appleby without a rebound.
15:21 of 2nd period - Zachary Aston-Reese wins face-off versus Matthew Phillips in Barracuda zone.
15:22 of 2nd period - Shot by Joël Teasdale.
15:22 of 2nd period - Stopped by Ken Appleby without a rebound.
15:23 of 2nd period - Matthew Phillips wins face-off versus Zachary Aston-Reese in Barracuda zone.
15:44 of 2nd period - Alex Dostie is hit by Joël Teasdale and loses puck.
15:52 of 2nd period - Patrick Khodorenko is hit by Julius Bergman and loses puck.
16:03 of 2nd period - Shot by John Leonard.
16:03 of 2nd period - Shot Misses the Net.
16:05 of 2nd period - Shot by Patrick Khodorenko.
16:05 of 2nd period - Shot Misses the Net.
16:15 of 2nd period - Shot by Alex Dostie.
16:15 of 2nd period - Shot Blocked by Mason Appleton.
16:50 of 2nd period - Shot by Ryan Reaves.
16:50 of 2nd period - Stopped by Ken Appleby with a rebound.
16:56 of 2nd period - Zack Macewen is hit by Jordy Bellerive and loses puck.
17:23 of 2nd period - Brendan Warren is hit by Zack Macewen and loses puck.
18:34 of 2nd period - Shot by Andrew Ladd.
18:34 of 2nd period - Stopped by Ken Appleby with a rebound.
19:05 of 2nd period - Chase Priskie is hit by Graham Knott and loses puck.
19:11 of 2nd period - Off-side.
19:12 of 2nd period - Jordy Bellerive wins face-off versus Jeff Carter in neutral zone.
19:18 of 2nd period - Shot by Jordy Bellerive.
19:18 of 2nd period - Shot Misses the Net.
19:49 of 2nd period - Shot by Fredrik Olofsson.
19:49 of 2nd period - Shot Blocked by Patrik Nemeth.
19:51 of 2nd period - Shot by Jordy Bellerive.
19:51 of 2nd period - Shot Misses the Net.
19:53 of 2nd period - Shot by Robert Bortuzzo.
19:53 of 2nd period - Stopped by Pheonix Copley with a rebound.
Goals for this period are 2 for Reign vs 1 for Barracuda.
Shots for this period are 15 for Reign vs 9 for Barracuda.

3rd period


0:01 of 3rd period - Zachary Aston-Reese wins face-off versus Adam Cracknell in neutral zone.
0:06 of 3rd period - Shot by Zachary Aston-Reese.
0:06 of 3rd period - Shot Misses the Net.
0:08 of 3rd period - Shot by Zachary Aston-Reese.
0:08 of 3rd period - Shot Misses the Net.
0:10 of 3rd period - Shot by Jesse Ylonen.
0:10 of 3rd period - Stopped by Ken Appleby with a rebound.
0:14 of 3rd period - Shot by Jesse Ylonen.
0:14 of 3rd period - Deflect By Zachary Aston-Reese.
0:14 of 3rd period - Shot Misses the Net.
0:25 of 3rd period - Minor Penalty to Zachary Aston-Reese for Tripping.
0:26 of 3rd period - Alex Dostie wins face-off versus Jesse Ylonen in Reign zone.
0:43 of 3rd period - Matt Irwin is hit by Graham Knott and loses puck.
1:06 of 3rd period - Graham Knott is hit by Andrew Ladd and loses puck.
1:49 of 3rd period - Shot by Nicolas Meloche.
1:49 of 3rd period - Shot Misses the Net.
1:51 of 3rd period - Shot by Adam Cracknell .
1:51 of 3rd period - Stopped by Pheonix Copley without a rebound.
1:52 of 3rd period - Adam Cracknell wins face-off versus Mason Appleton in Reign zone.
2:01 of 3rd period - Shot by Nicolas Meloche.
2:01 of 3rd period - Stopped by Pheonix Copley without a rebound.
2:02 of 3rd period - Jesse Ylonen wins face-off versus Adam Cracknell in Reign zone.
2:41 of 3rd period - Shot by Ryan Reaves.
2:41 of 3rd period - Deflect By Zack Macewen.
2:41 of 3rd period - Stopped by Ken Appleby without a rebound.
2:42 of 3rd period - Jordy Bellerive wins face-off versus Dominic Toninato in Barracuda zone.
2:49 of 3rd period - Shot by Fredrik Olofsson.
2:49 of 3rd period - Stopped by Pheonix Copley with a rebound.
2:56 of 3rd period - Danny Dekeyser is hit by Andy Welinski and loses puck.
3:29 of 3rd period - Nicolas Deslauriers is hit by Andrei Altybarmakyan and loses puck.
3:44 of 3rd period - Danny Dekeyser is hit by Brendan Warren and loses puck.
3:59 of 3rd period - Shot by Matthew Phillips.
3:59 of 3rd period - Deflect By Brendan Warren.
3:59 of 3rd period - Stopped by Pheonix Copley without a rebound.
4:00 of 3rd period - Alex Dostie wins face-off versus Zachary Aston-Reese in Reign zone.
4:03 of 3rd period - Shot by Alex Dostie.
4:03 of 3rd period - Shot Blocked by Patrik Nemeth.
4:11 of 3rd period - Zachary Aston-Reese is hit by Alexis D'Aoust.
4:36 of 3rd period - Shot by Jesse Ylonen.
4:36 of 3rd period - Stopped by Ken Appleby without a rebound.
4:37 of 3rd period - Adam Cracknell wins face-off versus Zack Macewen in Barracuda zone.
4:46 of 3rd period - Shot by Brendan Warren.
4:46 of 3rd period - Shot Blocked by Ryan Reaves.
4:52 of 3rd period - Shot by Matthew Phillips.
4:52 of 3rd period - Stopped by Pheonix Copley without a rebound.
4:53 of 3rd period - Jordy Bellerive wins face-off versus Patrick Khodorenko in Reign zone.
5:06 of 3rd period - Shot by Jordy Bellerive.
5:06 of 3rd period - Stopped by Pheonix Copley with a rebound.
6:00 of 3rd period - Shot by Jesse Ylonen.
6:00 of 3rd period - Stopped by Ken Appleby with a rebound.
6:02 of 3rd period - Shot by Patrik Nemeth.
6:02 of 3rd period - Shot Blocked by Nicolas Meloche.
6:04 of 3rd period - Shot by Connor Mackey.
6:04 of 3rd period - Stopped by Ken Appleby without a rebound.
6:05 of 3rd period - Zack Macewen wins face-off versus Alex Dostie in Barracuda zone.
6:27 of 3rd period - Shot by Alex Dostie.
6:27 of 3rd period - Deflect By Graham Knott.
6:27 of 3rd period - Shot Misses the Net.
6:33 of 3rd period - Shot by Ryan Reaves.
6:33 of 3rd period - Shot Misses the Net.
6:35 of 3rd period - Shot by Jeff Carter.
6:35 of 3rd period - Stopped by Ken Appleby without a rebound.
6:36 of 3rd period - Zachary Aston-Reese wins face-off versus Adam Cracknell in Barracuda zone.
6:43 of 3rd period - Shot by Matthew Phillips.
6:43 of 3rd period - Shot Misses the Net.
6:45 of 3rd period - Shot by Adam Cracknell .
6:45 of 3rd period - Shot Blocked by Jesse Ylonen.
6:47 of 3rd period - Shot by Brendan Warren.
6:47 of 3rd period - Shot Misses the Net.
6:51 of 3rd period - Shot by Brendan Warren.
6:51 of 3rd period - Shot Misses the Net.
6:53 of 3rd period - Shot by Matthew Phillips.
6:53 of 3rd period - Deflect By Brendan Warren.
6:53 of 3rd period - Shot Blocked by Connor Mackey.
6:57 of 3rd period - Shot by Adam Cracknell .
6:57 of 3rd period - Stopped by Pheonix Copley with a rebound.
6:59 of 3rd period - Shot by Matthew Phillips.
6:59 of 3rd period - Shot Blocked by Patrik Nemeth.
7:16 of 3rd period - Zachary Aston-Reese is hit by Robert Bortuzzo and loses puck.
7:56 of 3rd period - Shot by Alex Dostie.
7:56 of 3rd period - Shot Misses the Net.
7:58 of 3rd period - Shot by Andy Welinski.
7:58 of 3rd period - Stopped by Pheonix Copley without a rebound.
7:59 of 3rd period - Jordy Bellerive wins face-off versus Zack Macewen in Reign zone.
9:13 of 3rd period - Shot by Scott Harrington.
9:13 of 3rd period - Stopped by Pheonix Copley without a rebound.
9:14 of 3rd period - Adam Cracknell wins face-off versus Dominic Toninato in Reign zone.
9:21 of 3rd period - Shot by Matthew Phillips.
9:21 of 3rd period - Shot Misses the Net.
9:37 of 3rd period - Shot by Brendan Warren.
9:37 of 3rd period - Goal by Brendan Warren - Reign : 2 - Barracuda : 4.
9:38 of 3rd period - Alex Dostie wins face-off versus John Leonard in neutral zone.
9:38 of 3rd period - Alex Dostie is hit by Patrick Khodorenko.
10:07 of 3rd period - Off-side.
10:08 of 3rd period - Adam Cracknell wins face-off versus Zachary Aston-Reese in neutral zone.
10:27 of 3rd period - Shot by Adam Cracknell .
10:27 of 3rd period - Shot Blocked by Connor Mackey.
11:08 of 3rd period - Shot by Ryan Reaves.
11:08 of 3rd period - Deflect By Zack Macewen.
11:08 of 3rd period - Shot Misses the Net.
11:10 of 3rd period - Shot by Zack Macewen.
11:10 of 3rd period - Stopped by Ken Appleby without a rebound.
11:11 of 3rd period - Alex Dostie wins face-off versus Patrick Khodorenko in Barracuda zone.
12:30 of 3rd period - Shot by Fredrik Olofsson.
12:30 of 3rd period - Shot Misses the Net.
12:32 of 3rd period - Shot by Andrei Altybarmakyan.
12:32 of 3rd period - Stopped by Pheonix Copley without a rebound.
12:33 of 3rd period - Adam Cracknell wins face-off versus Zachary Aston-Reese in Reign zone.
12:43 of 3rd period - Minor Penalty to Robert Bortuzzo for High sticking.
12:44 of 3rd period - Adam Cracknell wins face-off versus Zachary Aston-Reese in Barracuda zone.
13:47 of 3rd period - Shot by Jeff Carter.
13:47 of 3rd period - Goal by Jeff Carter - Reign : 3 - Barracuda : 4.
13:48 of 3rd period - Jordy Bellerive wins face-off versus Patrick Khodorenko in neutral zone.
14:08 of 3rd period - Shot by Patrick Khodorenko.
14:08 of 3rd period - Shot Misses the Net.
14:18 of 3rd period - Shot by Andrei Altybarmakyan.
14:18 of 3rd period - Shot Misses the Net.
14:20 of 3rd period - Shot by Jordy Bellerive.
14:20 of 3rd period - Shot Misses the Net.
14:33 of 3rd period - John Leonard is hit by Andy Welinski and loses puck.
14:42 of 3rd period - Shot by Andy Welinski.
14:42 of 3rd period - Shot Misses the Net.
14:44 of 3rd period - Shot by Graham Knott.
14:44 of 3rd period - Goal by Graham Knott - Reign : 3 - Barracuda : 5.
14:45 of 3rd period - Zachary Aston-Reese wins face-off versus Adam Cracknell in neutral zone.
15:14 of 3rd period - Shot by Adam Cracknell .
15:14 of 3rd period - Stopped by Pheonix Copley without a rebound.
15:15 of 3rd period - Graham Knott wins face-off versus Zack Macewen in Reign zone.
15:23 of 3rd period - Graham Knott is hit by Connor Mackey and loses puck.
15:29 of 3rd period - Minor Penalty to Patrik Nemeth for Slashing.
15:30 of 3rd period - Jesse Ylonen wins face-off versus Adam Cracknell in Reign zone.
15:30 of 3rd period - Jesse Ylonen is hit by Matthew Phillips.
16:04 of 3rd period - Shot by Nicolas Meloche.
16:04 of 3rd period - Shot Misses the Net.
16:28 of 3rd period - Shot by Jesse Ylonen.
16:28 of 3rd period - Shot Misses the Net.
16:30 of 3rd period - Shot by Zachary Aston-Reese.
16:30 of 3rd period - Stopped by Ken Appleby without a rebound.
16:31 of 3rd period - Alex Dostie wins face-off versus Jesse Ylonen in Barracuda zone.
16:42 of 3rd period - Shot by Alex Dostie.
16:42 of 3rd period - Shot Misses the Net.
16:49 of 3rd period - Icing by Alexis D'Aoust.
16:50 of 3rd period - Alex Dostie wins face-off versus Zack Macewen in Barracuda zone.
16:59 of 3rd period - Shot by Alexis D'Aoust.
16:59 of 3rd period - Deflect By Alex Dostie.
16:59 of 3rd period - Stopped by Pheonix Copley without a rebound.
17:00 of 3rd period - Jesse Ylonen wins face-off versus Adam Cracknell in Reign zone.
17:00 of 3rd period - Jesse Ylonen is hit by Adam Cracknell .
18:02 of 3rd period - Ryan Reaves is hit by Julius Bergman and loses puck.
18:22 of 3rd period - Icing by Patrik Nemeth.
18:23 of 3rd period - Alex Dostie wins face-off versus Zack Macewen in Reign zone.
19:21 of 3rd period - Shot by Patrick Khodorenko.
19:21 of 3rd period - Stopped by Ken Appleby with a rebound.
19:23 of 3rd period - Shot by John Leonard.
19:23 of 3rd period - Deflect By Mason Appleton.
19:23 of 3rd period - Shot Blocked by Andy Welinski.
19:25 of 3rd period - Shot by John Leonard.
19:25 of 3rd period - Goal by John Leonard - Reign : 4 - Barracuda : 5.
19:26 of 3rd period - Adam Cracknell wins face-off versus Zachary Aston-Reese in neutral zone.
19:26 of 3rd period - Matthew Phillips is hit by Zachary Aston-Reese and loses puck.
19:35 of 3rd period - Reign, Pheonix Copley is pulled from the net.
19:45 of 3rd period - Shot by Jesse Ylonen.
19:45 of 3rd period - Shot Misses the Net.
19:47 of 3rd period - Shot by Danny Dekeyser.
19:47 of 3rd period - Stopped by Ken Appleby with a rebound.
19:58 of 3rd period - Zachary Aston-Reese is hit by Nicolas Meloche and loses puck.
Goals for this period are 2 for Reign vs 2 for Barracuda.
Shots for this period are 12 for Reign vs 14 for Barracuda.